 Dungeon Crawl Stone Soup version 0.30-b1-2-g02819fbbbe (webtiles) character file.

Game seed: 15632440423830655019

2650 HoaS the Skirmisher (level 9, -2/48 HPs)
             Began as a Gargoyle Hunter on May 7, 2023.
             Was an Initiate of Gozag.
             Shot with a sling bullet by Joseph (14 damage)
             ... on level 8 of the Dungeon.
             The game lasted 00:13:40 (7589 turns).

HoaS the Skirmisher (Gargoyle Hunter)               Turns: 7589, Time: 00:13:42

Health: -2/48      AC: 10    Str: 14    XL:     9   Next: 62%
Magic:  9/9        EV: 12    Int: 11    God:    Gozag
Gold:   400        SH:  0    Dex: 17    Spells: 8/8 levels left

rFire   . . .        a - +2 shortbow
rCold   . . .        (shield currently unavailable)
rNeg    + . .        c - +1 leather armour
rPois   ∞            (no helmet)
rElec   +            (no cloak)
rCorr   .            (no gloves)
SInv    .            (no boots)
Will    .....        f - amulet of regeneration
Stlth   ++           (no ring)
HPRegen 1.08/turn    (no ring)
MPRegen 0.11/turn

%: no passive effects
@: no status effects
A: sickness immunity, AC +6, negative energy resistance 1, electricity
resistance, torment resistance 1, petrification resistance
a: Renounce Religion, Potion Petition, Call Merchant, Bribe Branch


You were on level 8 of the Dungeon.
You worshipped Gozag.
Gozag was aware of your devotion.
You visited 2 branches of the dungeon, and saw 9 of its levels.

You collected 473 gold pieces.
You paid 73 gold pieces to Gozag.

Inventory:

Hand Weapons
 a - a +2 shortbow (weapon)
Missiles
 l - a throwing net
Armour
 c - a +1 leather armour (worn)
Jewellery
 f - an amulet of regeneration (around neck)
 g - a ring of fire
 p - an amulet of guardian spirit
Wands
 d - a wand of roots (10)
Scrolls
 b - 2 scrolls of immolation
 h - 5 scrolls of teleportation
 o - a scroll of fog
Potions
 e - 3 potions of flight
 i - 3 potions of curing
 j - 2 potions of haste
 k - a potion of resistance
 m - a potion of invisibility {unknown}
 n - a potion of attraction
 q - a potion of heal wounds {unknown}


   Skills:
 - Level 2.1 Fighting
 + Level 12.9 Ranged Weapons
 - Level 3.1 Armour
 - Level 1.5 Dodging
 - Level 1.1 Stealth
 - Level 0.4 Unarmed Combat


You had 8 spell levels left.
You didn't know any spells.
Your spell library contained the following spells:

 Spells                   Type           Power      Damage    Failure   Level
 Summon Lightning Spire   Summ/Air       0%         N/A       99%         4
 Storm Form               Tmut/Air       0%         N/A       100%        7
 Maxwell's Capacitive Co  Air            0%         ∞         100%        8


Dungeon Overview and Level Annotations

Branches:
Dungeon (8/15)             Temple (1/1) D:6
   Lair: D:8-11

Altars:
Ashenzari
Cheibriados
Dithmenos
Elyvilon
Fedhas
Gozag
Hepliaklqana
Nemelex Xobeh
Okawaru
Qazlal
Ru
Sif Muna
Trog
Uskayaw
Vehumet
Wu Jian
Xom
Yredelemnul
Zin

Annotations:
D:7 2 transporters, exclusion: oklob plant, Nattefrost's ghost, novice DsHu
D:8 Joseph


Innate Abilities, Weirdness & Mutations

You are immune to sickness and miasma.
Your stone body is resilient. (AC +6)
You are immune to poison.
You resist negative energy. (rN+)
You are resistant to electric shocks. (rElec)
You are resistant to unholy torment.
You are immune to petrification.


Message History

The arrow hits Joseph but does no damage.
Joseph is lightly wounded.
You shoot an arrow. The arrow completely misses Joseph.
You shoot an arrow. The arrow hits Joseph!
Joseph is moderately wounded.
Joseph shoots a sling bullet.
The sling bullet misses you.
You shoot an arrow. The arrow hits Joseph!
Joseph is moderately wounded.
Joseph shoots a sling bullet.
The sling bullet barely misses you.
You shoot an arrow.
The arrow hits Joseph but does no damage.
Joseph is moderately wounded.
Joseph shoots a sling bullet.
The sling bullet barely misses you.
You shoot an arrow. The arrow hits Joseph.
Joseph is heavily wounded.
Joseph shoots a sling bullet.
The sling bullet misses you.
You shoot an arrow. The arrow hits Joseph.
Joseph is heavily wounded.
Joseph shoots a sling bullet.
The sling bullet hits you!
You shoot an arrow. The arrow hits Joseph.
Joseph is severely wounded.
Joseph shoots a sling bullet.
The sling bullet hits you!
You shoot an arrow. The arrow completely misses Joseph.
Joseph shoots a sling bullet.
The sling bullet hits you!
You are too injured to fight recklessly!
You are too injured to fight recklessly!
You are too injured to fight recklessly!
Fire: a) +2 shortbow
Press: ? - help, Q - select action, (/) - cycle Shift-Dir - straight line, f - Joseph
Aim: Joseph, wielding a +0 sling and wearing a +0 ring mail (severely wounded, 72% to hit)
You shoot an arrow. The arrow closely misses Joseph.
Joseph shoots a sling bullet.
The sling bullet hits you.
* * * LOW HITPOINT WARNING * * *
Fire: a) +2 shortbow
Press: ? - help, Q - select action, (/) - cycle Shift-Dir - straight line, f/p - Joseph
Aim: Joseph, wielding a +0 sling and wearing a +0 ring mail (severely wounded, 72% to hit)
You shoot an arrow. The arrow closely misses Joseph.
Joseph shoots a sling bullet.
The sling bullet hits you!
You die...
Your body crumbles into a pile of gold.

. .. ... ....
##############..... ##
###.@.....@.......... ...
#...############.....
....####.#..........# ....
.........#..........# ...
........##..........#### ##
....###.................
......##..<............##
........#..........# .####
.####.###..........###..$..


You could see Joseph.

Vanquished Creatures
  Prince Ribbit (D:7)
  A steam dragon (D:7)
  Menkaure (D:4)
  4 water moccasins
  4 black bears
  An ice beast (D:6)
  2 ogres
  A phantom (D:3)
  A gnoll sergeant (D:6)
  3 bullfrogs
  4 wights
  2 scorpions (D:6)
  3 orc priests
  3 jellies
  An iguana (D:5)
  3 orc wizards
  9 gnolls
  6 adders
  A shadow imp (D:7)
  A white imp (D:7)
  An ufetubus (D:5)
  2 worms
  A dart slug (D:2)
  13 orcs
  8 endoplasms
  4 giant cockroaches
  5 goblins
  2 hobgoblins (D:1)
  7 jackals (D:2)
  4 quokkas
  2 ball pythons
  5 bats
  2 frilled lizards
  6 kobolds
  4 rats
118 creatures vanquished.

Vanquished Creatures (others)
  16 fungi (D:8)
  21 plants (D:8)
37 creatures vanquished.

Grand Total: 155 creatures vanquished

Notes
Turn   | Place    | Note
-------+----------+-------------------------------------------
     0 | D:1      | HoaS the Gargoyle Hunter began the quest for the Orb.
     0 | D:1      | Reached XP level 1. HP: 12/12 MP: 1/1
    70 | D:1      | Reached XP level 2. HP: 17/17 MP: 2/2
   868 | D:2      | Reached XP level 3. HP: 21/21 MP: 3/3
  1022 | D:2      | Reached skill level 5 in Ranged Weapons
  2042 | D:3      | Noticed a phantom
  2055 | D:3      | Killed a phantom
  2056 | D:3      | Reached skill level 6 in Ranged Weapons
  2056 | D:3      | Reached skill level 1 in Armour
  2056 | D:3      | Reached XP level 4. HP: 11/26 MP: 4/4
  2056 | D:3      | Reached XP level 5. HP: 13/30 MP: 5/5
  3194 | D:4      | Noticed Menkaure
  3197 | D:4      | Killed Menkaure
  3198 | D:4      | Reached skill level 7 in Ranged Weapons
  3198 | D:4      | Reached XP level 6. HP: 24/35 MP: 6/6
  3779 | D:4      | Reached XP level 7. HP: 33/40 MP: 7/7
  3989 | D:5      | Entered Level 5 of the Dungeon
  4061 | D:5      | Reached skill level 8 in Ranged Weapons
  5221 | D:6      | Reached skill level 9 in Ranged Weapons
  5230 | D:6      | Reached XP level 8. HP: 14/44 MP: 8/8
  5805 | D:6      | Found a staircase to the Ecumenical Temple.
  5811 | Temple   | Entered the Ecumenical Temple
  6054 | Temple   | Became a worshipper of Gozag Ym Sagoz the Greedy
  6124 | D:6      | Reached skill level 10 in Ranged Weapons
  6134 | D:6      | Found an iron altar of Okawaru.
  6164 | D:6      | You fall into a shaft and drop 1 floor!
  6484 | D:7      | Found a transporter.
  6499 | D:7      | Found the +5 Lochaber axe {reach-cleave, Poleaxe Drain}
  6521 | D:7      | Noticed a wraith
  6561 | D:7      | Noticed Nattefrost's ghost (novice DsHu)
  6754 | D:7      | Noticed Prince Ribbit
  6788 | D:7      | Reached skill level 11 in Ranged Weapons
  6817 | D:7      | Killed Prince Ribbit
  6818 | D:7      | Reached XP level 9. HP: 48/48 MP: 9/9
  6835 | D:7      | Found a transporter.
  6892 | D:7      | Identified the +9 dagger of Discord {drain, *Slow rN+++
                  | Will+ Int-5}
  6900 | D:6      | Reached skill level 12 in Ranged Weapons
  6936 | D:7      | Noticed an oklob plant
  7241 | D:8      | Noticed a hornet
  7564 | D:8      | Noticed Joseph
  7589 | D:8      | Shot with a sling bullet by Joseph

Illustrated notes

Levels and vault maps discovered:
D:1:      eino_arrival_tree_alley, layout_loops_ring,
          hangedman_abyss_or_decor_lesser_grid, serial_bayou_crossing
D:2:      layout_basic, serial_curves, eino_curves_02, eino_curves_01,
          serial_park_tiny_1
D:3:      layout_basic
D:4:      layout_rooms, small_statue_intersection, uniq_menkaure
D:5:      layout_cave_pods, kennysheep_generic_room_5
D:6:      layout_basic, okawaru_trees_2, minmay_temple_entry_gardened_gates,
          chequers_serial_rivers_large_a, wad_floor_pattern_untrapped
D:7:      layout_rooms, nzn_ghost_randoct, uniq_prince_ribbit1
D:8:      layout_rooms, due_lair_maze_entry_diamond, uniq_psyche, uniq_joseph,
          uniq_maggie
Temple:   mainiacjoe_temple_bowtie_tessellation

Skill      XL: |  1  2  3  4  5  6  7  8  9 |
---------------+----------------------------+-----
Ranged Weapons | 6 7 9 11 12 | 12.9
Armour         | 1 2 3 |  3.1
Fighting       | |  2.1
Dodging        | |  1.5
Stealth        | |  1.1
Unarmed Combat | |  0.4

Action                     |  1- 3 |  4- 6 |  7- 9 || total
---------------------------+-------+-------+-------++-------
  Melee: Unarmed           |       |       |     3 ||     3
   Fire: Shortbow          |   127 |   115 |   285 ||   527
    Use: Scroll            |     6 |     6 |     7 ||    19
         Potion            |       |       |     2 ||     2
 Armour: Leather armour    |    15 |    19 |    53 ||    87
         Skin              |       |       |     2 ||     2
  Dodge: Dodged            |    40 |    18 |   112 ||   170
